AoeStats
← Maestro

Arabia

503570691Analyzed
1v1 RM · 1mo ago on Sep 1, 2026· 49m 47s· 2 players
Game mode
Random Map
Map size
Tiny (2 player)
Population
200
Speed
Normal
Resources
Standard
Victory
Conquest
Starting age
Dark Age
Ending age
Imperial Age
RankedLock teamsTeams togetherTeam positionsShared explorationLock speedFull tech treeHidden civsTurbo modeCheats
Victory
Defeat
🇷🇺 Tatars · Russia
499
+19
🇹🇷 Mongols · Türkiye
561
-19
Maestro
12:22 Feudal Age
13:11 Double-Bit Axe
14:05 Horse Collar
17:26 Gold Mining
19:58 Castle Age
18:01 Padded Archer Armor
17:52 Fletching
20:19 Crossbowman
22:20 Gold Shaft Mining
22:09 Bow Saw
28:44 Ballistics
41:00 Imperial Age
41:27 Wheelbarrow
42:53 Block Printing
44:35 Leather Archer Armor
44:16 Bodkin Arrow
DarkCloud
10:39 Feudal Age
11:10 Double-Bit Axe
11:06 Horse Collar
14:06 Padded Archer Armor
15:29 Loom
15:37 Gold Mining
18:12 Padded Archer Armor
18:08 Fletching
22:43 Stone Mining
24:05 Scale Barding Armor
29:13 Forging
31:56 Castle Age
35:30 Thumb Ring
38:46 Wheelbarrow
39:29 Gold Shaft Mining
41:01 Bow Saw
40:53 Heavy Plow
41:17 Ballistics
41:12 Bloodlines
44:56 Chain Barding Armor
44:33 Bodkin Arrow
51:40 Imperial Age
Connection lost

Rejoining the realm…

Still unreachable

The connection could not be restored.

Session expired

The server has moved on; the page needs a fresh start.